 Dungeon Crawl Stone Soup version 0.21.1-1-g345015f (webtiles) character file.

92 Falco the Sneak (level 4, -3/33 HPs)
             Began as a Vampire Assassin on May 4, 2018.
             Was an Initiate of Yredelemnul.
             Slain by a scorpion (9 damage)
             ... on level 4 of the Dungeon.
             The game lasted 00:14:47 (3150 turns).

Falco the Sneak (Vampire Assassin)                  Turns: 3150, Time: 00:14:48

Health: -3/33      AC:  4    Str: 10    XL:     4   Next: 35%
Magic:  4/4        EV: 12    Int: 13    God:    Yredelemnul [......]
Gold:   134        SH:  0    Dex: 16    Spells: 3/3 levels left

rFire    . . .     SeeInvis +   a - +2 dagger
rCold    + . .     Gourm    .   (no shield)
rNeg     + + .     Faith    .   c - +0 robe
rPois    +         Spirit   .   (no helmet)
rElec    .         Reflect  .   d - +1 cloak
rCorr    .         Harm     .   (no gloves)
MR       .....                  (no boots)
Stlth    +++++.....             (no amulet)
HPRegen  0.05/turn              (no ring)
MPRegen  0.09/turn              (no ring)

@: regenerating slowly
A: fangs 3, see invisible, unbreathing
a: Bat Form, Renounce Religion


You were on level 4 of the Dungeon.
You worshipped Yredelemnul.
Yredelemnul was noncommittal.
You were near bloodless.

You visited 1 branch of the dungeon, and saw 4 of its levels.

You collected 134 gold pieces.

Inventory:

Hand Weapons
 a - a +2 dagger (weapon)
 b - a +0 blowgun
Missiles
 e - 5 poisoned needles
 f - 2 curare-tipped needles
Armour
 c - a +0 robe (worn)
 d - a +1 cloak (worn)
Jewellery
 q - an uncursed ring of poison resistance {unknown}
Scrolls
 h - 2 scrolls of remove curse
 i - a scroll of noise {unknown}
 l - 2 scrolls of magic mapping {unknown}
 n - 2 scrolls of identify
 o - a scroll of amnesia {unknown}
Potions
 g - 2 potions of brilliance {unknown}
 j - a potion of ambrosia {unknown}
 k - a potion of curing {unknown}
 m - a potion of haste {unknown}
 p - a potion of lignification {unknown}


   Skills:
 + Level 2.0 Fighting
 + Level 2.7 Short Blades
 + Level 2.5 Throwing
 + Level 1.6 Dodging
 + Level 7.1 Stealth


You had 3 spell levels left.
You didn't know any spells.

Dungeon Overview and Level Annotations

Branches:
Dungeon (4/15)
 Temple: D:4-7

Altars:
Xom
Yredelemnul


Innate Abilities, Weirdness & Mutations

You heal slowly.
You have razor-sharp teeth.
You have supernaturally acute eyesight. (SInv)
You can survive without breathing.


Message History

You bite the scorpion, but do no damage.
The scorpion is severely wounded.
You hit the scorpion but do no damage.
The scorpion is severely wounded.
The scorpion stings you but does no damage.
You barely miss the scorpion.
The scorpion is severely wounded.
The scorpion stings you.
* * * LOW HITPOINT WARNING * * *
You hit the scorpion.
The scorpion is almost dead.
The scorpion completely misses you.
You hit the scorpion but do no damage. You bite the scorpion.
The scorpion is almost dead.
The scorpion misses you.
You hit the scorpion but do no damage.
The scorpion is almost dead.
The scorpion stings you!
You die...
Yredelemnul claims you as an undead slave.

#.# #.# #.# ##
#.# ##.## ...
#w# ###...##..
#o# .........#
#.#
#...##..#####o#
#†# #s...w.oo#
#s# #..#######
#####@##...####
#.....##...$...
#.####........#
#........#
#!.......#
##....####
#.......# #
#.#####.#.######
#.# #.......


You could see a scorpion.

Vanquished Creatures
  2 adders (D:2)
  An ooze (D:1)
  2 worms
  2 dart slugs
  4 leopard geckos
  8 bats
  A giant cockroach (D:2)
  2 goblins
  8 hobgoblins
  4 jackals
  3 quokkas
  A ball python (D:1)
  5 frilled lizards
  6 kobolds
  3 rats
52 creatures vanquished.

Notes
Turn   | Place    | Note
-------+----------+-------------------------------------------
     0 | D:1      | Falco the Vampire Assassin began the quest for the Orb.
     0 | D:1      | Reached XP level 1. HP: 16/16 MP: 1/1
   145 | D:1      | Reached skill level 6 in Stealth
   233 | D:1      | Reached XP level 2. HP: 14/22 MP: 2/2
   857 | D:1      | Reached XP level 3. HP: 25/27 MP: 3/3
  1040 | D:2      | Reached skill level 7 in Stealth
  1375 | D:2      | Found a shimmering altar of Xom.
  1487 | D:2      | Reached XP level 4. HP: 17/33 MP: 4/4
  2351 | D:3      | Found a basalt altar of Yredelemnul.
  2359 | D:3      | Became a worshipper of Yredelemnul the Dark
  3150 | D:4      | Slain by a scorpion

Skill      XL: |  1  2  3 |
---------------+----------+-----
Stealth        | 6 7 |  7.1
Throwing       | 2 |  2.5
Fighting       | 2 |  2.0
Short Blades   | |  2.7
Dodging        | |  1.6

Action                   |  1- 3 |  4- 6 || total
-------------------------+-------+-------++-------
Melee: Dagger            |    94 |    48 ||   142
       Bite              |    10 |     7 ||    17
 Fire: Blowgun           |    48 |     3 ||    51
 Abil: End Transformatio |       |     1 ||     1
       Bat Form          |       |     1 ||     1
  Use: Scroll            |     3 |       ||     3
       Potion            |       |     2 ||     2
 Stab: Sleeping          |     2 |     7 ||     9
Armor: Robe              |    28 |    11 ||    39
Dodge: Dodged            |    52 |    17 ||    69
